 Dungeon Crawl Stone Soup version 0.29-a0-414-g5075937ec3 (webtiles) character file.

Game seed: 5381469581491199228

18 xian the Vexing (level 2, -2/20 HPs)
             Began as a Demigod Enchanter on May 15, 2022.
             Splashed by a jelly's acid (9 damage)
             ... on level 2 of the Dungeon.
             The game lasted 00:07:10 (820 turns).

xian the Vexing (Demigod Enchanter)                  Turns: 820, Time: 00:07:12

Health: -2/20      AC: -5    Str:  9    XL:     2   Next: 33%
Magic:  4/7        EV: 11    Int: 17    God:
Gold:   54         SH:  0    Dex: 14    Spells: 4/5 levels left

rFire   . . .      SeeInvis .   h - +2 dagger (venom)
rCold   . . .      Faith    .   (no shield)
rNeg    . . .      Spirit   .   f - +0 leather armour
rPois   .          Reflect  .   (no helmet)
rElec   .          Harm     .   (no cloak)
rCorr   .          Rampage  .   (no gloves)
Will    .....                   (no boots)
Stlth   ++........              (no amulet)
HPRegen 0.06/turn               (no ring)
MPRegen 0.10/turn               (no ring)

@: corroded, very slightly contaminated
A: high MP 1, forlorn, divine attributes
a: no special abilities


You were on level 2 of the Dungeon.
You visited 1 branch of the dungeon, and saw 2 of its levels.

You collected 54 gold pieces.

Inventory:

Hand Weapons
 d - a +0 mace of protection
 h - a +2 dagger of venom (weapon)
Missiles
 e - 13 stones (quivered)
Armour
 b - a +0 robe
 f - a +0 leather armour (worn)
Potions
 c - 2 potions of invisibility
 g - a potion of attraction {unknown}


   Skills:
 + Level 0.8 Short Blades
 + Level 0.2 Maces & Flails
 + Level 2.0 Dodging
 + Level 2.8 Stealth
 + Level 2.0 Spellcasting
 + Level 2.8 Hexes
 + Level 0.6 Earth Magic


You had 4 spell levels left.
You knew the following spells:

 Your Spells              Type           Power      Damage    Failure   Level
a - Sandblast             Erth           6%         2d5       22%         1

Your spell library contained the following spells:

 Spells                   Type           Power      Damage    Failure   Level
 Ensorcelled Hibernation  Hex/Ice        12%        N/A       22%         2
 Confusing Touch          Hex            11%        N/A       26%         3
 Tukima's Dance           Hex            11%        N/A       26%         3
 Dazzling Flash           Conj/Hex       12%        N/A       41%         3
 Summon Ice Beast         Ice/Summ       1%         N/A       95%         4
 Silence                  Hex/Air        3%         N/A       99%         5
 Agony                    Necr           1%         N/A       100%        5
 Statue Form              Tmut/Erth      1%         N/A       100%        6
 Ozocubu's Refrigeration  Ice            0%         4d5       100%        7


Dungeon Overview and Level Annotations

Branches:
Dungeon (2/15)


Innate Abilities, Weirdness & Mutations

You have an increased reservoir of magic. (+10% MP)
You shall have no god before yourself.
Your divine heritage dramatically boosts your attributes as you level up.


Message History

The quokka barely misses you.
You hit the quokka.
You kill the quokka!
You see here a +0 scale mail.
You see here a quokka corpse.
You now have 54 gold pieces (gained 11).
Found a stone staircase leading down.
Done exploring.
There is a stone staircase leading down here.
You climb downwards.
Found a stone staircase leading down.
There is a stone staircase leading up here.
Casting: Sandblast (safe; 22% risk of failure)
Confirm with . or Enter, or press ? or * to list all spells.
Aiming: Sandblast (safe; 22% risk of failure)
Press: ? - help, Shift-Dir - straight line, f - jelly
Aim: a jelly (100% to hit)
You miscast Sandblast.
You are very lightly contaminated with residual magic.
Nothing appears to happen.
The jelly hits you. The acid corrodes you!
You are splashed with acid!
Casting: Sandblast (safe; 22% risk of failure)
Confirm with . or Enter, or press ? or * to list all spells.
Aiming: Sandblast (safe; 22% risk of failure)
Press: ? - help, Shift-Dir - straight line, f/p - jelly
Aim: a jelly (100% to hit)
The blast of sand hits the jelly.
The jelly is heavily wounded.
e - 14 stones The jelly closely misses you.
Casting: Sandblast (safe; 22% risk of failure)
Confirm with . or Enter, or press ? or * to list all spells.
Aiming: Sandblast (safe; 22% risk of failure)
Press: ? - help, Shift-Dir - straight line, f/p - jelly
Aim: a jelly (heavily wounded, 100% to hit)
The blast of sand hits the jelly.
The jelly is almost dead.
e - 13 stones The jelly hits you.
The acid corrodes you!
You are splashed with acid!
You die...

...## ##...
.8...###...8
.......... ....>...
#..... ##.8.##
###.....###
#....<....###
#K.........@J.#
+.8...###...8......
#...## ###...#....
##+ ##.## ... ...
.. ..## ###


You could see a jelly.

Vanquished Creatures
  3 ball pythons (D:1)
  2 endoplasms (D:1)
  A giant cockroach (D:1)
  2 goblins (D:1)
  A hobgoblin (D:1)
  2 quokkas (D:1)
  A bat (D:1)
  A frilled lizard (D:1)
  2 rats (D:1)
15 creatures vanquished.

Notes
Turn   | Place    | Note
-------+----------+-------------------------------------------
     0 | D:1      | xian the Demigod Enchanter began the quest for the Orb.
     0 | D:1      | Reached XP level 1. HP: 14/14 MP: 5/5
    37 | D:1      | Got the Grimoire of the Mountains and the Snowflakes
    46 | D:1      | Learned a level 1 spell: Sandblast
   365 | D:1      | Reached XP level 2. HP: 15/20 MP: 0/7
   820 | D:2      | Splashed by a jelly's acid

Illustrated notes

Levels and vault maps discovered:
D:1:      wander_arrival_estate, layout_rooms
D:2:      layout_rooms, grunt_ministairs_13, uniq_natasha

Skill      XL: |  1  2 |
---------------+-------+-----
Spellcasting   | 2 |  2.0
Dodging        | 2 |  2.0
Short Blades   | |  0.8
Maces & Flails | |  0.2
Stealth        | |  2.8
Hexes          | |  2.8
Earth Magic    | |  0.6

Action                   || total
-------------------------++-------
Melee: Mace              ||    22
       Dagger            ||     1
Throw: Stone             ||     8
 Cast: Sandblast         ||    23
Armor: Robe              ||     6
       Leather armour    ||     9
Dodge: Dodged            ||    32

Table legend: (Time is in decaauts)
 A = Elapsed time spent in this place.
 B = Non-inter-level travel time spent in this place.
 C = Inter-level travel time spent in this place.
 D = Time resting spent in this place.
 E = Time spent auto-exploring this place.
 F = Levels seen in this place.
 G = Mean time per level.
                   A        B        C        D        E       F      G
               +--------+--------+--------+--------+--------+-----+--------+
         Total |    828 |    828 |      0 |     42 |    478 |   2 |  414.0 |
       Dungeon |    828 |    828 |      0 |     42 |    478 |   2 |  414.0 |
               +--------+--------+--------+--------+--------+-----+--------+

Top non-repeatable levels by time:
     D:1: 818 daAuts
     D:2: 9 daAuts
